 Dungeon Crawl Stone Soup version 0.25.1-2-g60ff931df9 (webtiles) character file.

Game seed: 15659961858395033677

4795 H0rd4k the Covert (level 10, -4/60 HPs)
             Began as an Octopode Transmuter on Aug 3, 2020.
             Was an Initiate of Gozag.
             Slain by a troll (9 damage)
             ... on level 9 of the Dungeon.
             The game lasted 00:19:02 (10369 turns).

H0rd4k the Covert (Octopode Transmuter)            Turns: 10369, Time: 00:19:03

Health: -4/60      AC:  1    Str: 10    XL:     10   Next: 48%
Magic:  29/29      EV: 23    Int: 19    God:    Gozag
Gold:   1714       SH:  0    Dex: 12    Spells: 11/22 levels left

rFire    . . .     SeeInvis .     - Unarmed
rCold    . . .     Gourm    .   (no shield)
rNeg     + . .     Faith    .   (helmet restricted)
rPois    .         Spirit   .   v - amulet of regeneration
rElec    .         Reflect  .   r - ring of magical power
rCorr    .         Harm     .   l - ring of positive energy
MR       .....                  i - +4 ring of evasion
Stlth    +++++.....             z - +4 ring of evasion
HPRegen  0.60/turn              (no ring)
MPRegen  0.21/turn              (no ring)
                                (no ring)
                                (no ring)

@: appendage
A: almost no armour, stealthy swim, amphibious, 8 rings, constrict 8, tentacle
spike 3, camouflage 1, gelatinous body 1
a: End Transformation, Potion Petition, Call Merchant, Bribe Branch, Renounce
Religion


You were on level 9 of the Dungeon.
You worshipped Gozag.
Gozag was most pleased with you.
You were very hungry.
One of your tentacles had a temporary spike.
You visited 1 branch of the dungeon, and saw 9 of its levels.
You also visited: Bailey.

You collected 1802 gold pieces.
You paid 88 gold pieces to Gozag.

Inventory:

Hand Weapons
 m - the +6 hunting sling of Dissolution {vorpal, rElec Str+7 Dex-2}
   (You found it on level 3 of the Dungeon)

   Any stone fired from it inflicts extra damage.
   It affects your strength (+7).
   It affects your dexterity (-2).
   It insulates you from electricity.
Missiles
 a - 116 arrows
 e - 62 poisoned darts (quivered)
 C - 7 throwing nets
Jewellery
 i - a +4 ring of evasion (on tentacle)
 l - a ring of positive energy (right tentacle)
 r - a ring of magical power (left tentacle)
 v - an amulet of regeneration (around mantle)
 z - a +4 ring of evasion (on tentacle)
 E - an uncursed ring of flight {unknown}
Wands
 A - a wand of paralysis (5)
 B - a wand of iceblast (9)
Scrolls
 b - 3 scrolls of teleportation
 j - a scroll of blinking {unknown}
 n - 4 scrolls of remove curse
 o - 2 scrolls of enchant armour
 t - a scroll of magic mapping
 u - a scroll of fear
 x - a scroll of brand weapon
 y - a scroll of random uselessness
Potions
 d - a potion of berserk rage
 g - 2 potions of heal wounds
 h - 3 potions of curing
 k - a potion of magic
 p - 3 potions of stabbing
 q - 2 potions of might
 s - 4 potions of lignification
 w - 3 potions of mutation
 D - a potion of cancellation {unknown}
Miscellaneous
 f - a lightning rod (4/4)
Comestibles
 c - 10 rations


   Skills:
 + Level 2.2 Fighting
 + Level 2.9 Throwing
 + Level 4.5 Dodging
 + Level 9.0 Stealth
 + Level 8.2 Unarmed Combat
 * Level 6.6 Spellcasting
 * Level 6.7 Transmutations
 + Level 1.9 Poison Magic
 + Level 1.7 Evocations


You had 11 spell levels left.
You knew the following spells:

 Your Spells              Type           Power        Failure   Level  Hunger
a - Beastly Appendage     Tmut           ####..       1%          1    None
b - Sticks to Snakes      Tmut           ####....     1%          2    None
c - Spider Form           Tmut/Pois      ###.......   5%          3    ##.....
d - Blade Hands           Tmut           ####......   19%         5    #####..

Your spell library contained the following spells:

 Spells                   Type           Power        Failure   Level  Hunger
 Ice Form                 Ice/Tmut       ###.....     26%         4    ####...


Dungeon Overview and Level Annotations

Branches:
Dungeon (9/15)             Temple (0/1) D:7          Bailey (visited)
   Lair: D:8-11         Orc: D:9-12

Altars:
Ashenzari
Elyvilon
Gozag
Hepliaklqana
Nemelex Xobeh
Okawaru
Qazlal
Ru
The Shining One

Annotations:
D:3 exclusions: adder, downstairs and ogre
D:4 Dowan, Duvessa
D:5 exclusion: water moccasin
D:7 exclusion: 2 ice beasts
D:8 3 runed translucent doors, exclusion: door, Maggie; farkougg's ghost, novice HOMo
D:9 2 transporters, exclusion: 2 electric eels, iamyoyoman's ghost, novice OpAs


Innate Abilities, Weirdness & Mutations

You cannot wear most types of armour.
You are very stealthy in the water. (Stealth+)
You are amphibious.
You can wear up to eight rings at the same time.
You can use your tentacles to constrict eight enemies at once.
Your skin changes colour to match your surroundings (Stealth+).
Your rubbery body absorbs attacks. (AC +1, EV +1)
One of your tentacles bears a large vicious spike.


Message History

Press: ? - help, Shift-Dir - straight line, f/p - troll
Aim: a troll (chance to defeat MR: 50%)
The troll resists with significant effort.
The troll completely misses you. The troll closely misses you. x2
Evoke which item? (* to show all) (? for menu, Esc to quit)
Aiming: Paralyse
Press: ? - help, Shift-Dir - straight line, f/p - troll
Aim: a troll (chance to defeat MR: 50%)
The troll resists with significant effort.
The troll misses you. x2; The troll barely misses you.
Evoke which item? (* to show all) (? for menu, Esc to quit)
Aiming: Paralyse
Press: ? - help, Shift-Dir - straight line, f/p - troll
Aim: a troll (chance to defeat MR: 50%)
The troll resists with significant effort.
The troll bites you!
* * * LOW HITPOINT WARNING * * *
The troll claws you but does no damage. The troll claws you!
You die...
Your body crumbles into a pile of gold.

...........####........#...#.#...
###........#..####.....#...'.#...
#........#.....#.....#...#.#...
#........#.)...#.....'...#.####
####≈....#.....##....#...#h....
#####≈...'......#....#####.....
###...#....#......#..........<...
#.'.#.'≈...########..............
###...#......)).@T......#'#.####.
#######≈.....##########.'_'.# #.
.#####≈......# ###'#.# #.
.............# #...# #.
.............# ##### #.
############## #. ##


You could see a troll.

Vanquished Creatures
  A two-headed ogre (D:8)
  A troll (D:9)
  2 water moccasins
  A hornet zombie (D:8)
  4 orc warriors
  A sky beast (D:7)
  2 ice beasts
  3 wolves (D:9)
  A necrophage (D:6)
  2 ogres
  A centaur (D:8)
  A big kobold (D:7)
  A bullfrog (D:9)
  8 gnoll sergeants (Bailey)
  2 scorpions
  A howler monkey (D:5)
  2 crimson imps
  5 orc priests
  5 jellies
  6 gnoll shamans (Bailey)
  6 hounds
  A centaur skeleton (D:4)
  4 orc wizards
  2 iguanas
  8 worker ants
  Terence (D:2)
  A hound zombie (D:6)
  A hound skeleton (D:4)
  9 adders
  22 gnolls
  3 shadow imps
  6 oozes
  5 dart slugs
  4 leopard geckos
  25 orcs
  5 giant cockroaches
  11 goblins
  9 hobgoblins
  9 jackals (D:3)
  5 quokkas
  3 ball pythons
  8 bats
  5 frilled lizards
  A jackal skeleton (D:4)
  10 kobolds
  A leopard gecko skeleton (D:5)
  2 quokka skeletons
  2 quokka zombies
  7 rats
226 creatures vanquished.

Notes
Turn   | Place    | Note
-------+----------+-------------------------------------------
     0 | D:1      | H0rd4k the Octopode Transmuter began the quest for the Orb.
     0 | D:1      | Reached XP level 1. HP: 13/13 MP: 3/3
    85 | D:1      | Reached XP level 2. HP: 17/18 MP: 5/5
   308 | D:1      | Reached XP level 3. HP: 17/23 MP: 6/6
   924 | D:2      | Noticed Terence
   935 | D:2      | Killed Terence
   935 | D:2      | Reached skill level 1 in Stealth
   935 | D:2      | Reached XP level 4. HP: 28/28 MP: 5/7
  1598 | D:2      | Found a sacrificial altar of Ru.
  2366 | D:3      | Reached XP level 5. HP: 33/33 MP: 8/8
  2386 | D:3      | Learned a level 2 spell: Sticks to Snakes
  2390 | D:3      | Learned a level 3 spell: Spider Form
  2422 | D:3      | Reached skill level 2 in Stealth
  2801 | D:3      | Got a transparent hunting sling
  2802 | D:3      | Identified the +6 hunting sling of Dissolution {vorpal,
                  | rElec Str+7 Dex-2} (You found it on level 3 of the Dungeon)
  3106 | D:3      | Noticed an ogre
  3314 | D:2      | Reached skill level 3 in Stealth
  3342 | D:2      | Reached XP level 6. HP: 12/38 MP: 10/10
  3590 | D:2      | Found an iron altar of Okawaru.
  4190 | D:4      | Reached skill level 5 in Unarmed Combat
  4624 | D:4      | Reached XP level 7. HP: 22/43 MP: 11/11
  4626 | D:4      | Reached skill level 4 in Stealth
  5195 | D:4      | Found a shattered altar of Ashenzari.
  5240 | D:4      | Noticed Duvessa
  5360 | D:4      | Noticed Dowan
  5399 | D:5      | Entered Level 5 of the Dungeon
  5618 | D:5      | Reached skill level 5 in Stealth
  5903 | D:5      | Reached skill level 1 in Evocations
  5903 | D:5      | Reached XP level 8. HP: 35/48 MP: 14/14
  5952 | D:5      | Found a stormy altar of Qazlal.
  5952 | D:5      | Found a white marble altar of Elyvilon.
  6867 | D:6      | Found an opulent altar of Gozag.
  6875 | D:6      | Became a worshipper of Gozag Ym Sagoz the Greedy
  7263 | D:7      | Reached skill level 6 in Stealth
  7285 | D:7      | Reached skill level 5 in Spellcasting
  7309 | D:7      | Found a glowing golden altar of the Shining One.
  7339 | D:7      | Reached skill level 5 in Transmutations
  7372 | D:7      | Found a staircase to the Ecumenical Temple.
  7581 | D:7      | Reached XP level 9. HP: 53/54 MP: 16/16
  7595 | D:7      | Learned a level 5 spell: Blade Hands
  8538 | D:8      | Found a sparkling altar of Nemelex Xobeh.
  8562 | D:8      | Reached skill level 1 in Poison Magic
  8787 | D:8      | Found a runed translucent gate.
  8787 | D:8      | Found a runed translucent gate.
  8787 | D:8      | Found a runed translucent gate.
  8787 | D:8      | Noticed farkougg's ghost (novice HOMo)
  8872 | D:8      | Noticed a two-headed ogre
  8924 | D:8      | Noticed Maggie
  8931 | D:9      | Noticed a troll
  8977 | D:8      | Killed a two-headed ogre
  8977 | D:8      | Reached skill level 7 in Stealth
  8989 | D:9      | Killed a troll
  8989 | D:9      | Reached skill level 8 in Stealth
  9046 | D:9      | Reached XP level 10. HP: 44/60 MP: 19/19
  9064 | D:9      | Found a transporter.
  9070 | D:9      | Found a transporter.
  9071 | D:9      | Noticed iamyoyoman's ghost (novice OpAs)
  9072 | D:9      | Noticed a two-headed ogre
  9125 | D:9      | Found a flagged portal.
  9150 | Bailey   | Entered a bailey
  9471 | Bailey   | Reached skill level 1 in Throwing
 10242 | D:9      | Found a hazy altar of Hepliaklqana.
 10352 | D:9      | Reached skill level 9 in Stealth
 10369 | D:9      | Slain by a troll

Illustrated notes

Levels and vault maps discovered:
D:1:      dpeg_arrival_radiant, layout_rooms
D:2:      layout_basic, nicolae_ru_path_of_blood, first_ration,
          okawaru_altar_gauntlet_db, uniq_terence
D:3:      minmay_octagon_keep, layout_basic
D:4:      layout_loops_cross, old_standard_altar, uniq_duvessa
D:5:      layout_basic, gammafunk_temple_overflow_elements, grunt_ministairs_2,
          minmay_fountain_box
D:6:      layout_gridville, nicolae_gozag_seed_capital
D:7:      layout_loops_cross, overflow_temple_1_default,
          minmay_temple_entry_slanted, serial_co_window_serial,
          co_window_corner_a, co_window_paths_b, co_window_cross_1,
          co_window_paths_a, co_window_paths_a, co_window_of_opportunity_a,
          co_window_paths_b, co_window_paths_a, co_window_paths_a,
          co_window_corner_ca, co_window_corner_b, co_window_corner_ca,
          co_window_paths_c, co_window_sun, co_window_4corner_b, glass_columns_a
D:8:      layout_loops_ring, nemelex_xobeh_ov_fountains_minmay,
          gammafunk_ghost_spectres, uniq_maggie
D:9:      kennysheep_windowed_halls, layout_irregular_city, kennysheep_mini,
          erik_lair_island, enter_bailey_3, gammafunk_ghost_smash,
          hangedman_little_slice_of_home

Skill      XL: |  1  2  3  4  5  6  7  8  9 10 |
---------------+-------------------------------+-----
Stealth        | 1 3 5 6 8 9 |  9.0
Unarmed Combat | 4 5 6 7 8 |  8.2
Transmutations | 3 5 6 |  6.7
Spellcasting   | 3 4 5 6 |  6.6
Dodging        | 3 4 |  4.5
Evocations     | 1 |  1.7
Fighting       | 2 |  2.2
Poison Magic   | 1 |  1.9
Throwing       | 2 |  2.9

Action                   |  1- 3 |  4- 6 |  7- 9 | 10-12 || total
-------------------------+-------+-------+-------+-------++-------
Melee: Unarmed           |    55 |   186 |   242 |   143 ||   626
       Constrict         |    13 |    51 |    44 |    26 ||   134
       Tentacles         |    11 |    30 |    50 |    29 ||   120
       Kick              |       |    27 |    46 |    31 ||   104
       Punch             |       |     6 |    13 |     9 ||    28
Throw: Dart              |       |       |     3 |   127 ||   130
 Cast: Beastly Appendage |     1 |    16 |    31 |    15 ||    63
       Spider Form       |       |     1 |     5 |     2 ||     8
Evoke: Wand              |       |       |    14 |     4 ||    18
  Use: Scroll            |       |     6 |       |    11 ||    17
 Stab: Sleeping          |     6 |     7 |    15 |     5 ||    33
       Distracted        |       |     2 |     2 |       ||     4
       Paralysed         |       |       |    13 |       ||    13
  Eat: Chunk             |       |    12 |     7 |       ||    19
       Ration            |       |       |     2 |     1 ||     3
Armor: Skin              |     3 |    11 |     3 |     3 ||    20
Dodge: Dodged            |    32 |   104 |   172 |   166 ||   474
